 Dungeon Crawl Stone Soup version 0.30-a0-169-g06f667207d (webtiles) character file.

Game seed: 7295209187333052768

167 qw the Chopper (level 5, 0/32 HPs)
             Began as a Gargoyle Fighter on Sept 29, 2022.
             Slain by Duvessa
             ... wielding a +1 short sword of venom
              (9 damage)
             ... on level 4 of the Dungeon.
             The game lasted 00:01:09 (3061 turns).

qw the Chopper (Gargoyle Fighter)                   Turns: 3061, Time: 00:01:09

Health: 0/32       AC: 13    Str: 28    XL:     5   Next: 48%
Magic:  5/5        EV: 10    Int:  8    God:
Gold:   208        SH:  5    Dex: 15    Spells: 4/4 levels left

rFire   . . .      SeeInvis .    Y - +0 war axe
rCold   . . .      Faith    .    c - +0 buckler
rNeg    + . .      Spirit   .    b - +0 scale mail
rPois   inf        Reflect  .    g - +0 helmet
rElec   +          Harm     .    i - +0 cloak
rCorr   .          Rampage  .    (no gloves)
Will    .....                    (no boots)
Stlth   ..........               (no amulet)
HPRegen 0.10/turn                m - +6 ring of dexterity
MPRegen 0.09/turn                o - +6 ring of strength

@: no status effects
A: sickness immunity, AC +4, negative energy resistance 1, electricity
resistance, torment resistance 1, petrification resistance
a: no special abilities


You were on level 4 of the Dungeon.
You visited 1 branch of the dungeon, and saw 4 of its levels.

You collected 208 gold pieces.


Innate Abilities, Weirdness & Mutations

You are immune to sickness and miasma.
Your stone body is resilient. (AC +4)
You are immune to poison.
You resist negative energy. (rN+)
You are resistant to electric shocks. (rElec)
You are resistant to unholy torment.
You are immune to petrification.


   Skills:
 - Level 3.2 Fighting
 + Level 4.8 Axes
 - Level 3.2 Armour
 - Level 1.0 Dodging
 - Level 3.2 Shields


You had 4 spell levels left.
You didn't know any spells.
Your spell library was empty.

Inventory:

Hand Weapons
 p - a +0 flail
 Y - a +0 war axe (weapon)
Missiles
 l - a boomerang (quivered)
Armour
 b - a +0 scale mail (worn)
 c - a +0 buckler (worn)
 g - a +0 helmet (worn)
 i - a +0 cloak (worn)
Jewellery
 m - a +6 ring of dexterity (left hand)
 o - a +6 ring of strength (right hand)
Scrolls
 j - a scroll of identify
Potions
 d - a potion of might
 f - a potion of berserk rage {unknown}
 h - a potion of haste
 k - a potion of heal wounds
 n - a potion of lignification

Dungeon Overview and Level Annotations

Branches:
Dungeon (4/15)
 Temple: D:4-7

Altars:
Makhleb

Annotations:
D:4 Duvessa


Message History

You barely miss Dowan. Dowan hits you but does no damage.
You slash Dowan!
Dowan is heavily wounded.
Dowan says, "My weaknesses are her strengths!"
Dowan closely misses you.
You closely miss Dowan.
Dowan is heavily wounded.
You hit Duvessa. Dowan hits you but does no damage.
Duvessa completely misses you. You block Duvessa's attack.
You block Dowan's attack.
You miss Dowan.
Dowan is heavily wounded.
You closely miss Duvessa.
Duvessa hits you with a +1 short sword of venom.
Dowan casts a spell at you.
The puff of flame hits you but does no damage.
You hit Dowan.
Dowan is severely wounded.
You hit Duvessa.
Duvessa hits you with a +1 short sword of venom!
Dowan hits you but does no damage.
You closely miss Dowan.
Dowan is severely wounded.
You hit Duvessa but do no damage. Dowan barely misses you.
Duvessa hits you with a +1 short sword of venom.
Dowan hits you but does no damage.
Duvessa hits you with a +1 short sword of venom.
You completely miss Dowan.
Dowan is severely wounded.
You slash Duvessa!
Dowan hits you with a +1 dagger of venom.
Duvessa barely misses you.
You slash Dowan!
You kill Dowan!
Duvessa screams, "No!
How DARE you!"
Duvessa goes berserk!
You barely miss Duvessa.
Duvessa hits you with a +1 short sword of venom!
You die...

##....#
#.....#
+.....# #
#.....#
..#+##.....#
...........#
...........#
.......<...#
.......@...#
..##+#.)e..#
#.....+
#.....#
#.....#
#######


You could see Duvessa (berserk).

Vanquished Creatures
  Dowan (D:4)
  2 orc wizards (D:3)
  Robin (D:2)
  4 adders
  2 orcs (D:3)
  6 bats
  4 endoplasms
  2 giant cockroaches
  11 goblins
  6 hobgoblins
  6 jackals
  6 quokkas
  A ball python (D:1)
  3 frilled lizards (D:2)
  4 kobolds
  6 rats
65 creatures vanquished.

Vanquished Creatures (others)
  2 plants (D:1)
2 creatures vanquished.

Grand Total: 67 creatures vanquished

Notes
Turn   | Place    | Note
-------+----------+-------------------------------------------
     0 | D:1      | qw the Gargoyle Fighter began the quest for the Orb.
     0 | D:1      | Reached XP level 1. HP: 14/14 MP: 1/1
     0 | D:1      | 0 ||| qw: Version: 0.2-a-12-gaebbb33
     0 | D:1      | 0 ||| qw: Game counter: 1354
     0 | D:1      | 0 ||| qw: Always use a shield: true
     0 | D:1      | 0 ||| qw: God list: Okawaru
     0 | D:1      | 0 ||| qw: Allow faded altars: false
     0 | D:1      | 0 ||| qw: Do Orc after D:15 true
     0 | D:1      | 0 ||| qw: Do second Lair branch before Depths: true
     0 | D:1      | 0 ||| qw: Lair rune preference: random
     0 | D:1      | 0 ||| qw: Plans: Normal, Zot:1-4, God:TSO, Crypt, Tomb,
                  | Pan, Slime:5, Hells, Abyss, Orb
     0 | D:1      | 0 ||| PLANNING D:1-11
    88 | D:1      | Reached skill level 2 in Axes
   103 | D:1      | Reached XP level 2. HP: 12/19 MP: 2/2
   578 | D:1      | Found a faded altar of an unknown god.
   835 | D:1      | 835 ||| UPGRADING to +0 cloak.
   840 | D:1      | 840 ||| READING scroll labelled CUETOG EXZOU.
   841 | D:1      | 841 ||| READING 3 scrolls labelled QEETSO BUGIU.
   842 | D:1      | 842 ||| READING scroll labelled ZYZXUC FIUNANE.
   881 | D:1      | 881 ||| DRINKING 2 emerald potions.
   882 | D:1      | 882 ||| DROPPING 2 scrolls of butterflies.
   897 | D:2      | 897 ||| STAIRDANCE
   900 | D:1      | Reached skill level 3 in Axes
   903 | D:1      | Reached XP level 3. HP: 19/23 MP: 3/3
   953 | D:2      | 953 ||| STAIRDANCE
  1086 | D:2      | 1086 ||| Stepping ~*~*~tactically~*~*~ (hiding).
  1087 | D:2      | Noticed Robin
  1088 | D:2      | 1088 ||| Stepping ~*~*~tactically~*~*~ (hiding).
  1089 | D:2      | 1089 ||| Stepping ~*~*~tactically~*~*~ (hiding).
  1090 | D:2      | 1090 ||| Stepping ~*~*~tactically~*~*~ (hiding).
  1113 | D:2      | Killed Robin
  1377 | D:2      | 1377 ||| FLEEEEING.
  1378 | D:2      | 1378 ||| FLEEEEING.
  1379 | D:2      | 1379 ||| FLEEEEING.
  1380 | D:2      | 1380 ||| FLEEEEING.
  1381 | D:2      | 1381 ||| FLEEEEING.
  1383 | D:2      | 1383 ||| FLEEEEING.
  1384 | D:2      | 1384 ||| FLEEEEING.
  1385 | D:2      | 1385 ||| FLEEEEING.
  1386 | D:2      | 1386 ||| FLEEEEING.
  1387 | D:2      | 1387 ||| FLEEEEING.
  1388 | D:2      | 1388 ||| FLEEEEING.
  1389 | D:2      | 1389 ||| FLEEEEING.
  1390 | D:2      | 1390 ||| FLEEEEING.
  1391 | D:2      | 1391 ||| FLEEEEING.
  1392 | D:2      | 1392 ||| FLEEEEING.
  1393 | D:2      | 1393 ||| FLEEEEING.
  1394 | D:2      | 1394 ||| FLEEEEING.
  1395 | D:2      | 1395 ||| FLEEEEING.
  1396 | D:2      | 1396 ||| FLEEEEING.
  1397 | D:2      | 1397 ||| FLEEEEING.
  1399 | D:2      | 1399 ||| FLEEEEING.
  1400 | D:2      | 1400 ||| FLEEEEING.
  1401 | D:2      | 1401 ||| FLEEEEING.
  1402 | D:2      | 1402 ||| FLEEEEING.
  1403 | D:2      | 1403 ||| FLEEEEING.
  1404 | D:2      | 1404 ||| FLEEEEING.
  1406 | D:2      | 1406 ||| FLEEEEING.
  1407 | D:2      | 1407 ||| FLEEEEING.
  1408 | D:2      | 1408 ||| FLEEEEING.
  1409 | D:2      | 1409 ||| FLEEEEING.
  1411 | D:2      | 1411 ||| FLEEEEING.
  1412 | D:2      | 1412 ||| FLEEEEING.
  1414 | D:2      | 1414 ||| FLEEEEING.
  1415 | D:2      | 1415 ||| FLEEEEING.
  1416 | D:2      | 1416 ||| FLEEEEING.
  1417 | D:2      | 1417 ||| FLEEEEING.
  1419 | D:2      | 1419 ||| FLEEEEING.
  1420 | D:2      | 1420 ||| FLEEEEING.
  1421 | D:2      | 1421 ||| FLEEEEING.
  1422 | D:2      | 1422 ||| STAIRDANCE
  1506 | D:1      | 1506 ||| UPGRADING to +0 helmet.
  1511 | D:1      | 1511 ||| READING scroll labelled GIUNUSHRILEU.
  1545 | D:2      | 1545 ||| DROPPING +0 club.
  2036 | D:2      | 2036 ||| Stepping ~*~*~tactically~*~*~ (stealth).
  2037 | D:2      | 2037 ||| Stepping ~*~*~tactically~*~*~ (stealth).
  2043 | D:2      | Reached XP level 4. HP: 28/28 MP: 4/4
  2048 | D:2      | 2048 ||| Stepping ~*~*~tactically~*~*~ (stealth).
  2351 | D:2      | 2351 ||| UPGRADING to +6 ring of dexterity.
  2352 | D:2      | 2352 ||| READING scroll labelled OTWIRIASE.
  2353 | D:2      | 2353 ||| READING scroll labelled YDACHY HYIS.
  2368 | D:3      | 2368 ||| STAIRDANCE
  2396 | D:3      | 2396 ||| STAIRDANCE
  2499 | D:3      | Reached skill level 1 in Dodging
  2503 | D:3      | Reached skill level 4 in Axes
  2639 | D:3      | Reached XP level 5. HP: 17/32 MP: 5/5
  2830 | D:3      | 2830 ||| DROPPING +0 whip.
  2870 | D:3      | Found a burning altar of Makhleb.
  2993 | D:3      | 2993 ||| UPGRADING to +6 ring of strength.
  2994 | D:3      | 2994 ||| DRINKING 2 amethyst potions.
  2995 | D:3      | 2995 ||| DRINKING 2 ruby potions.
  3028 | D:3      | 3028 ||| READING 2 scrolls of identify.
  3028 | D:3      | 3028 ||| IDENTIFYING golden potion
  3029 | D:3      | 3029 ||| DROPPING potion of ambrosia.
  3052 | D:4      | Noticed Duvessa
  3052 | D:4      | Noticed Dowan
  3061 | D:4      | Killed Dowan
  3061 | D:4      | Slain by Duvessa

Levels and vault maps discovered:
D:1:      erik_arrival_triangle_huge, layout_basic,
          chequers_ecumenical_altar_lobes
D:2:      layout_loops_corners, serial_forest, infiniplex_forest_lined_corner,
          infiniplex_forest_end_double, infiniplex_forest_clump_small,
          infiniplex_forest_straight_3, infiniplex_forest_zigzag_1,
          infiniplex_forest_straight_4, infiniplex_forest_straight_2,
          infiniplex_forest_lined_3_way, infiniplex_forest_clump_tiny,
          infiniplex_forest_lined_2, minmay_misc_feat_cross, uniq_robin
D:3:      layout_rooms, lightli_temple_of_fire
D:4:      layout_gridville, mainiacjoe_overflow_surrounded_room,
          minmay_misc_feat_hallway, nicolae_figureground_sparkle,
          uniq_eustachio, uniq_blork_the_orc, uniq_pikel, uniq_edmund,
          uniq_natasha, uniq_duvessa

Skill      XL: |  1  2  3  4 |
---------------+-------------+-----
Axes           | 2 3 4 |  4.8
Dodging        | 1 |  1.0
Fighting       | |  3.2
Armour         | |  3.2
Shields        | |  3.2

Action                   |  1- 3 |  4- 6 || total
-------------------------+-------+-------++-------
Melee: War axe           |   111 |    79 ||   190
Throw: Boomerang         |       |    18 ||    18
  Use: Scroll            |     4 |     3 ||     7
       Potion            |     1 |     2 ||     3
Armor: Scale mail        |    53 |    68 ||   121
Dodge: Dodged            |    45 |    48 ||    93
Block: Buckler           |    19 |    16 ||    35

Table legend:
 A = Non-vault XP
 B = Vault XP
 C = Vault XP percentage of total XP
 D = Non-vault monster count
 E = Vault monster count
 F = Vault count percentage of total count
                 A         B        C        D         E       F
            +---------+---------+-------+---------+---------+-------
      Total |     204 |     102 |  33.3 |      53 |      12 |  18.5
            +---------+---------+-------+---------+---------+-------
        D:1 |      34 |       0 |   0.0 |      20 |       0 |   0.0
        D:2 |      38 |      35 |  47.9 |      18 |      11 |  37.9
        D:3 |     132 |       0 |   0.0 |      15 |       0 |   0.0
        D:4 |       0 |      67 | 100.0 |       0 |       1 | 100.0
            +---------+---------+-------+---------+---------+-------
